 Dungeon Crawl Stone Soup version 0.19.1-1-g22dce08 (webtiles) character file.

112 Haldmier the Insei (level 4, -5/23 HPs)
             Began as a Vine Stalker Transmuter on Dec 30, 2016.
             Slain by an ice beast (11 damage)
             ... on level 5 of the Dungeon.
             The game lasted 00:08:25 (2680 turns).

Haldmier the Insei (Vine Stalker Transmuter)        Turns: 2680, Time: 00:08:26

Health: -5/23      AC:  4    Str: 12    XL:     4   Next: 95%
Magic:  0/8        EV: 12    Int: 14    God:
Gold:   249        SH:  0    Dex: 15    Spells: 3 memorised, 1 level left

rFire  . . .     SeeInvis .     h - +2 dagger (venom)
rCold  . . .     Gourm    .     v - +1 leather armour {rN+}
rNeg   + . .     Faith    .     (no shield)
rPois  .         Spirit   +     (no helmet)
rElec  .         Reflect  .     (no cloak)
rCorr  .         Harm     .     (no gloves)
MR     +....                    (boots currently unavailable)
Stlth  +.........               (no amulet)
                                (no ring)
                                p - ring of protection from magic

@: appendage
A: fangs 2, talons 3, regeneration 1, magic shield, antimagic bite, no device
heal 3, rot immunity
a: End Transformation


You were on level 5 of the Dungeon.
You were hungry.
You had grown temporary talons.
You visited 1 branch of the dungeon, and saw 4 of its levels.

You collected 249 gold pieces.

Inventory:

Hand Weapons
 h - a +2 dagger of venom (weapon)
Missiles
 a - 63 arrows
 g - 37 stones (quivered)
Armour
 v - a +1 leather armour of positive energy (worn)
Jewellery
 i - an uncursed ring of fire
 p - a ring of protection from magic (left hand)
Potions
 b - a potion of haste {unknown}
 e - 3 potions of agility
 f - a potion of brilliance {unknown}
 j - a potion of ambrosia {unknown}
 o - a potion of curing {unknown}
 q - a potion of mutation {unknown}
 t - 2 potions of lignification {unknown}
Books
 c - a book of Changes

   Spells                             Type                      Level
   a - Beastly Appendage              Transmutation                1
   b - Sticks to Snakes               Transmutation                2
   c - Spider Form                    Transmutation/Poison         3
   d - Ice Form                       Ice/Transmutation            4
   e - Blade Hands                    Transmutation                5
Comestibles
 d - 3 bread rations
 k - a chunk of flesh
 m - a slice of pizza


   Skills:
 + Level 2.0 Fighting
 - Level 1.5 Dodging
 * Level 4.0 Unarmed Combat
 - Level 2.1 Spellcasting
 * Level 3.1 Transmutations
 + Level 1.0 Poison Magic


You had one spell level left.
You knew the following spells:

 Your Spells              Type           Power        Failure   Level  Hunger
a - Beastly Appendage     Tmut           ##....       10%         1    #......
b - Sticks to Snakes      Tmut           ##......     14%         2    ###....
c - Spider Form           Tmut/Pois      #.........   38%         3    ###....


Dungeon Overview and Level Annotations

Branches:
Dungeon (3/15)

Altars:
Kikubaaqudgha
Qazlal
Xom


Innate Abilities, Weirdness & Mutations

You have extremely sharp teeth.
Your natural rate of healing is unusually fast.
When hurt, damage is shared between your health and your magic reserves.
Your bite disrupts and absorbs the magic of your enemies.
Potions and wands cannot restore your health.
You are immune to rotting.
You have claws for feet.


Message History

Your magical contamination has completely faded away.
Your talons disappear.
Health restored: 23
Casting: Beastly Appendage
Confirm with . or Enter, or press ? or * to list all spells.
Your feet morph into talons.
The ice beast hits you. The ice beast freezes you.
You take 6 damage, and have 17/23 hp.
MASSIVE DAMAGE!!
You now have 4/8 mp.
You hit the ice beast. You bite the ice beast. You drain its power.
You feel invigorated.
The ice beast is moderately wounded.
The ice beast hits you. The ice beast freezes you!
You take 7 damage, and have 10/23 hp.
MASSIVE DAMAGE!!
You now have 3/8 mp.
You hit the ice beast.
You claw the ice beast, but do no damage.
You bite the ice beast, but do no damage.
The ice beast is heavily wounded.
The ice beast hits you.
* * * LOW HITPOINT WARNING * * *
The ice beast freezes you!
You die...

### ..# .#. #.#
#...######.#
##.........###
#.. #.Y@....#
#.#..##.#####.#
........# #.#
####.##.# #.# #
#.# #.#
#.##.#####.#
#..........#
#######.####
#.#


You could see an ice beast.

Vanquished Creatures
  Ijyb (D:2)
  An adder (D:2)
  3 oozes
  A dart slug (D:1)
  5 leopard geckos
  2 giant cockroaches
  5 hobgoblins
  2 jackals (D:1)
  A quokka (D:3)
  A ball python (D:2)
  8 bats
  7 goblins
  6 kobolds
  14 rats
57 creatures vanquished.

Vanquished Creatures (collateral kills)
  An adder (D:1)
1 creature vanquished.

Grand Total: 58 creatures vanquished

Notes
Turn   | Place    | Note
-------+----------+-------------------------------------------
     0 | D:1      | Haldmier the Vine Stalker Transmuter began the quest for the Orb.
     0 | D:1      | Reached XP level 1. HP: 9/9 MP: 4/4
    59 | D:1      | Reached skill level 1 in Fighting
   151 | D:1      | Reached XP level 2. HP: 6/14 MP: 3/6
   700 | D:1      | Learned a level 2 spell: Sticks to Snakes
   872 | D:1      | Reached XP level 3. HP: 18/18 MP: 5/7
  1361 | D:1      | Learned a level 3 spell: Spider Form
  1777 | D:2      | Gained mutation: Your natural rate of healing is unusually fast. [Vine Stalker growth]
  1777 | D:2      | Reached XP level 4. HP: 23/23 MP: 6/8
  1783 | D:2      | Noticed Ijyb
  1806 | D:2      | Killed Ijyb
  1898 | D:2      | Reached skill level 1 in Poison Magic
  2016 | D:2      | Found a shimmering altar of Xom.
  2062 | D:2      | Reached skill level 4 in Unarmed Combat
  2473 | D:3      | Found an ancient bone altar of Kikubaaqudgha.
  2522 | D:3      | Found a stormy altar of Qazlal.
  2586 | D:3      | Found a faded altar of an unknown god.
  2629 | D:3      | You fall through a shaft for 2 floors!
  2629 | D:5      | Entered Level 5 of the Dungeon
  2630 | D:5      | Noticed an ice beast
  2680 | D:5      | Slain by an ice beast

Skill      XL: |  1  2  3  4 |
---------------+-------------+-----
Fighting       | 1 2 |  2.0
Transmutations | 3 |  3.1
Poison Magic   | 1 |  1.0
Unarmed Combat | 4 |  4.0
Dodging        | |  1.5
Spellcasting   | |  2.1

Action                   |  1- 3 |  4- 6 || total
-------------------------+-------+-------++-------
Melee: Dagger            |    94 |    50 ||   144
       Unarmed           |     5 |       ||     5
       Kick              |    15 |     3 ||    18
       Bite              |    19 |    17 ||    36
       Punch             |     2 |       ||     2
       Headbutt          |     6 |     3 ||     9
 Cast: Beastly Appendage |    23 |    14 ||    37
       Sticks to Snakes  |     2 |     1 ||     3
  Use: Scroll            |       |     5 ||     5
  Eat: Chunk             |     3 |     3 ||     6
Armor: Robe              |    13 |     7 ||    20
       Leather armour    |       |     2 ||     2
Dodge: Dodged            |    49 |    24 ||    73
